 Dungeon Crawl Stone Soup version 0.25.1-8-g42b30a86e7 (webtiles) character file.

Game seed: 1963894530713662600

476 gruber the Reanimator (level 6, 0/41 HPs)
             Began as a Demonspawn Necromancer on Dec 21, 2020.
             Succumbed to an adder's poison
             ... on level 5 of the Dungeon.
             The game lasted 00:06:36 (6181 turns).

gruber the Reanimator (Demonspawn Necromancer)      Turns: 6181, Time: 00:06:36

Health: 0/41       AC:  2    Str: 14    XL:     6   Next: 84%
Magic:  1/10       EV: 12    Int: 19    God:
Gold:   232        SH:  0    Dex: 13    Spells: 2/11 levels left

rFire    . . .     SeeInvis .   r - +0 scimitar
rCold    . . .     Gourm    .   (no shield)
rNeg     . . .     Faith    .   a - +0 robe
rPois    .         Spirit   +   (helmet restricted)
rElec    .         Reflect  .   (no cloak)
rCorr    .         Harm     .   (no gloves)
MR       .....                  (no boots)
Stlth    +.........             (no amulet)
HPRegen  0.13/turn              m - ring of attention (curse)
MPRegen  0.12/turn              s - +6 ring of strength

@: lethally poisoned (0 -> -4)
A: horns 1, magic shield
a: no special abilities


You were on level 5 of the Dungeon.
You were hungry.

You visited 1 branch of the dungeon, and saw 5 of its levels.

You collected 232 gold pieces.

Inventory:

Hand Weapons
 r - a +0 scimitar (weapon)
Missiles
 p - 17 poisoned darts (quivered)
Armour
 a - a +0 robe (worn)
Jewellery
 m - a cursed ring of attention (left hand)
 o - an uncursed ring of fire
 s - a +6 ring of strength (right hand)
Wands
 u - a wand of flame (9)
Scrolls
 d - 2 scrolls of teleportation {unknown}
 e - 2 scrolls of enchant armour {unknown}
 g - 3 scrolls of identify {unknown}
 j - 2 scrolls of enchant weapon {unknown}
 q - a scroll of immolation {unknown}
 t - a scroll of fear {unknown}
Potions
 b - a potion of invisibility {unknown}
 f - a potion of might {unknown}
 h - 2 potions of berserk rage {unknown}
 i - 3 potions of heal wounds {unknown}
 l - 2 potions of curing {unknown}
 n - a potion of stabbing {unknown}
Comestibles
 c - 7 rations


   Skills:
 - Level 1.7 Dodging
 - Level 1.7 Stealth
 - Level 3.0 Spellcasting
 + Level 8.6 Necromancy
 + Level 0.1 Evocations


You had 2 spell levels left.
You knew the following spells:

 Your Spells              Type           Power        Failure   Level  Hunger
a - Pain                  Necr           ####         1%          1    None
b - Animate Skeleton      Necr           N/A          1%          1    None
c - Vampiric Draining     Necr           #####.....   1%          3    ###....
d - Animate Dead          Necr           N/A          4%          4    ####...

Your spell library contained the following spells:

 Spells                   Type           Power        Failure   Level  Hunger
 Agony                    Necr           #####...     12%         5    ######.


Dungeon Overview and Level Annotations

Branches:
Dungeon (5/15)
 Temple: D:4-7

Altars:
Elyvilon
Hepliaklqana
Qazlal
Trog
Wu Jian

Annotations:
D:5 Pikel


Innate Abilities, Weirdness & Mutations

You have a pair of small horns on your head.
When hurt, damage is shared between your health and your magic reserves.


Message History

You see here a ration.
There is a stormy altar of Qazlal here.
You now have 232 gold pieces (gained 15).
Found a ration.
Pikel zaps a wand.
The puff of flame hits you!
* * * LOW HITPOINT WARNING * * *
The slave hits you.
* * * LOW HITPOINT WARNING * * *
Pikel zaps a wand.
The puff of flame hits you.
* * * LOW HITPOINT WARNING * * *
The slave barely misses you.
You riposte.
You barely miss the slave.
An adder comes into view.
Found a thin glowing staff.
The adder bites you.
You are lethally poisoned!
The adder poisons you!
* * * LOW HITPOINT WARNING * * *
You feel sick. The adder misses you.
You riposte.
You miss the adder. The adder barely misses you.
You die...

##### ###......
#.#.+......
#.#@#......
#####.#.#......
...|...pS..# ###
#####.#....#####..
#..p...+...#.#######
#......#............
#.K###.#####........
###.p..#.....'.$......
#........#####........


You could see Pikel, 3 slaves and an adder.

Vanquished Creatures
  A sky beast (D:3)
  An ogre (D:5)
  A crimson imp (D:5)
  A worker ant (D:5)
  A hound skeleton (D:5)
  9 adders
  2 shadow imps (D:5)
  An ooze (D:1)
  An adder skeleton (D:5)
  2 worms
  2 dart slugs
  6 leopard geckos
  4 orcs (D:3)
  5 giant cockroaches
  17 goblins
  9 hobgoblins
  6 jackals
  3 quokkas
  2 ball pythons (D:3)
  14 bats
  3 frilled lizards
  10 kobolds
  17 rats
118 creatures vanquished.

Notes
Turn   | Place    | Note
-------+----------+-------------------------------------------
     0 | D:1      | gruber the Demonspawn Necromancer began the quest for the
                  | Orb.
     0 | D:1      | Reached XP level 1. HP: 13/13 MP: 3/3
   538 | D:1      | Gained mutation: When hurt, damage is shared between your
                  | health and your magic reserves. [demonic ancestry]
   538 | D:1      | Reached XP level 2. HP: 18/19 MP: 1/5
   805 | D:1      | Reached skill level 5 in Necromancy
  1312 | D:1      | Reached XP level 3. HP: 18/24 MP: 0/6
  2613 | D:2      | Reached XP level 4. HP: 23/30 MP: 5/8
  3433 | D:2      | Reached skill level 6 in Necromancy
  3527 | D:2      | Found a hazy altar of Hepliaklqana.
  4164 | D:3      | Learned a level 1 spell: Animate Skeleton
  4168 | D:3      | Learned a level 3 spell: Vampiric Draining
  4214 | D:3      | Learned a level 4 spell: Animate Dead
  4244 | D:3      | Reached XP level 5. HP: 21/35 MP: 3/9
  4664 | D:3      | Found a white marble altar of Elyvilon.
  4770 | D:3      | Noticed a moth of wrath
  4773 | D:3      | Found a bloodstained altar of Trog.
  4979 | D:3      | Noticed a sky beast
  4998 | D:3      | Killed a sky beast
  4998 | D:3      | Reached skill level 7 in Necromancy
  4998 | D:3      | Gained mutation: You have a pair of small horns on your
                  | head. [demonic ancestry]
  4998 | D:3      | Reached XP level 6. HP: 30/41 MP: 3/10
  5489 | D:4      | You fall into a shaft and drop 1 floor!
  5489 | D:5      | Entered Level 5 of the Dungeon
  5493 | D:5      | Reached skill level 8 in Necromancy
  6028 | D:5      | Found a stormy altar of Qazlal.
  6099 | D:5      | Found an ornate altar of the Wu Jian Council.
  6119 | D:5      | Noticed Pikel
  6119 | D:5      | Noticed a slave
  6119 | D:5      | Noticed a slave
  6121 | D:5      | Noticed a slave
  6172 | D:5      | HP: 1/41 [Pikel/puff of flame (2)]
  6180 | D:5      | HP: 1/41 [poisoned by an adder]
  6181 | D:5      | Succumbed to an adder's poison

Illustrated notes

Levels and vault maps discovered:
D:1:      lightli_arrival_lavapool, layout_basic
D:2:      layout_rooms, lemuel_doored_altar, grunt_decor_clamped,
          minmay_box_of_dots
D:3:      layout_basic, elyvilon_altar_5, tgw_trog
D:4:      layout_loops_ring, minmay_temple_entry_stoned_glass,
          gup_sewer_entry_pipe, first_ration
D:5:      layout_basic, overflow_temple_1_default, kennysheep_mini,
          nicolae_qazlal_style_of_elements, uniq_pikel

Skill      XL: |  1  2  3  4  5  6 |
---------------+-------------------+-----
Necromancy     | 5 6 7 8 |  8.6
Spellcasting   | 3 |  3.0
Dodging        | |  1.7
Stealth        | |  1.7
Evocations     | |  0.1

Action                   |  1- 3 |  4- 6 || total
-------------------------+-------+-------++-------
Melee: Unarmed           |    19 |       ||    19
       Long sword        |     4 |    78 ||    82
       Scimitar          |       |    53 ||    53
       Headbutt          |       |    11 ||    11
Throw: Dart              |       |     3 ||     3
 Cast: Pain              |    81 |    70 ||   151
       Vampiric Draining |       |     4 ||     4
       Animate Skeleton  |       |     1 ||     1
Evoke: Wand              |       |     4 ||     4
 Stab: Distracted        |       |     1 ||     1
  Eat: Chunk             |     6 |    11 ||    17
Armor: Robe              |    16 |    26 ||    42
Dodge: Dodged            |    57 |   132 ||   189
       Rpst.: Long sword |     4 |    28 ||    32
       Scimitar          |       |    19 ||    19
